 Dungeon Crawl Stone Soup version 0.30.1-4-g462c640d31 (webtiles) character file.

Game seed: 5450655673992406749

6465 Zeor the Carver (level 10, -2/76 HPs)
             Began as a Demonspawn Gladiator on Aug 13, 2023.
             Was a Follower of Makhleb.
             Slain by a sixfirhy (10 damage)
             ... on level 10 of the Dungeon.
             The game lasted 00:32:36 (10008 turns).

Zeor the Carver (Demonspawn Gladiator)             Turns: 10008, Time: 00:32:37

Health: -2/76      AC: 17    Str: 17    XL:     10   Next: 68%
Magic:  10/10      EV: 19    Int:  9    God:    Makhleb [*.....]
Gold:   579        SH:  0    Dex: 17    Spells: 9/9 levels left

rFire   + . .        a - +0 long sword (elec)
rCold   . . .        (no shield)
rNeg    . . .        x - +1 ring mail {rF+}
rPois   +            c - +0 helmet
rElec   .            D - +0 cloak
rCorr   +            g - +2 pair of gloves {hurl}
SInv    .            i - +0 pair of boots
Will    .....        r - amulet of magic regeneration
Stlth   +            j - ring of poison resistance
HPRegen 0.32/turn    z - ring of resist corrosion
MPRegen 0.52/turn

%: no passive effects
@: agile, on berserk cooldown, slowed, very slow
A: hooves 1, icy blue scales 2, demonic guardian 1, powered by pain 1
a: Renounce Religion


You were on level 10 of the Dungeon.
You worshipped Makhleb.
Makhleb was aware of your devotion.
You visited 2 branches of the dungeon, and saw 11 of its levels.

You collected 608 gold pieces.
You spent 29 gold pieces at shops.

Inventory:

Hand Weapons
 a - a +0 long sword of electrocution (weapon)
 k - a +2 heavy falchion
 C - a +2 great sword
Missiles
 d - 5 throwing nets
 o - 4 silver boomerangs
 s - a javelin
 B - 12 boomerangs (quivered)
 F - 3 atropa-tipped darts
 G - 30 poisoned darts
Armour
 c - a +0 helmet (worn)
 g - a +2 pair of gloves of hurling (worn)
 i - a +0 pair of boots (worn)
 u - a +2 robe of fire resistance
 x - a +1 ring mail of fire resistance (worn)
 D - a +0 cloak (worn)
Jewellery
 j - a ring of poison resistance (left hand)
 r - an amulet of magic regeneration (around neck)
 z - a ring of resist corrosion (right hand)
Wands
 e - a wand of paralysis (18)
 q - a wand of polymorph (12)
 t - a wand of flame (41)
 H - a wand of mindburst (6)
Scrolls
 f - 13 scrolls of teleportation
 n - 3 scrolls of poison
 y - a scroll of enchant weapon
 A - 2 scrolls of fog
Potions
 h - 3 potions of brilliance
 l - a potion of might
 p - a potion of berserk rage
 v - 2 potions of ambrosia
 w - a potion of magic
 E - 2 potions of attraction {unknown}


   Skills:
 + Level 5.8 Fighting
 + Level 9.4 Long Blades
 + Level 6.5 Throwing
 + Level 5.5 Armour
 + Level 6.5 Dodging
 - Level 0.5 Stealth
 * Level 3.3 Evocations


You had 9 spell levels left.
You didn't know any spells.
Your spell library contained the following spells:

 Spells                   Type           Power      Damage    Failure   Level
 Freeze                   Ice            0%         1d3       56%         1
 Sublimation of Blood     Necr           0%         N/A       71%         2
 Wereblood                Tmut           0%         N/A       71%         2
 Frozen Ramparts          Ice            0%         1d1       91%         3
 Hailstorm                Conj/Ice       0%         3d3       91%         3
 Summon Hydra             Summ           0%         N/A       100%        7


Dungeon Overview and Level Annotations

Branches:
Dungeon (10/15)            Temple (1/1) D:5            Lair (0/5) D:8
    Orc: D:9-12

Altars:
Ashenzari
Cheibriados
Dithmenos
Fedhas
Kikubaaqudgha
Makhleb
Nemelex Xobeh
Okawaru
Qazlal
Ru
Sif Muna
Trog
Vehumet
Wu Jian
Xom
Yredelemnul

Shops:
D:5 *

Annotations:
D:10 Fannar


Innate Abilities, Weirdness & Mutations

You have large cloven feet.
You are mostly covered in icy blue scales. (AC +3)
A weak demonic guardian rushes to your aid.
You sometimes gain a little power by taking damage.


Message History

You completely miss the sixfirhy. The sixfirhy attacks as you move away!
The sixfirhy hits you! The sixfirhy shocks you!
The sixfirhy hits your ice devil. The sixfirhy shocks your ice devil!
You swap places.
You feel a strong urge to attack something.
The sixfirhy hits you but does no damage. x2
You slash the sixfirhy!
The sixfirhy is moderately wounded.
The sixfirhy hits you. The sixfirhy shocks you!
You focus on the pain.
You feel agile all of a sudden.
The sixfirhy hits you but does no damage.
The sixfirhy hits you. The sixfirhy shocks you!
* * * LOW HITPOINT WARNING * * *
You closely miss the sixfirhy.
The sixfirhy is moderately wounded.
The sixfirhy barely misses you.
The sixfirhy hits you but does no damage.
You miss the sixfirhy.
The sixfirhy is moderately wounded.
You are no longer berserk.
You are exhausted.
You feel yourself slow down.
Unknown command.
The sixfirhy attacks as you move away! The sixfirhy hits you!
* * * LOW HITPOINT WARNING * * *
The sixfirhy shocks you!
* * * LOW HITPOINT WARNING * * *
You hear the faint creaking of a very distant portcullis.
You feel better.
The sixfirhy closely misses your ice devil.
The sixfirhy hits your ice devil. The sixfirhy shocks your ice devil!
The sixfirhy hits your ice devil. The sixfirhy shocks your ice devil!
The sixfirhy hits your ice devil!
Your ice devil dies!
Your ice devil disappears in a puff of smoke!
The sixfirhy hits you.
* * * LOW HITPOINT WARNING * * *
The sixfirhy shocks you!
You die...

∙ ∙▒∙▒▒▒∙∙▒ ∙∙▒∙∙
∙∙∙∙∙∙∙▒▒ ≈ ▒∙∙∙∙
▒∙▒∙∙∙∙∙▒ ∙∙
▒∙∙∙▒▒▒∙∙∙∙∙∙∙▒
▒▒∙▒▒▒∙∙∙∙∙∙e∙∙∙∩∙∙▒
∙∙∙∙∙∙∙∙∙∙∙∙5▒∙∙5∙∙▒
▒∙∙∙∙∙∙∙▒▒▒5▒∙∙∙∙∙▒
▒▒∙∙∙∙∙▒∙▒▒▒3▒▒▒<∙▒▒
▒∙∙∙∙∙∙)∙∙∙∙∙6∙∙▒∙▒
∙∙∙∙∙∙∙▒▒▒▒▒)▒▒▒▒∙▒
∙▒∙▒▒∙∙ ▒∙▒ ▒ ▒∙∙
▒∙▒ ▒∙∙ ▒∙▒ ▒∙∙ ▒∙▒
▒∙∙ ▒∙▒ ▒∙∙ ▒∙▒ ∙∙▒


You could see Fannar, a sixfirhy and 2 quasits.

Vanquished Creatures
  A hornet (D:9)
  Grinder (D:6)
  5 yaks (D:9)
  Sigmund (D:5)
  A wyvern (D:9)
  Eustachio (D:5)
  A steam dragon (D:6)
  Menkaure (D:5)
  A water moccasin (D:5)
  2 black bears (D:5)
  An ice beast (D:5)
  An orc warrior (D:8)
  2 sky beasts
  4 centaurs
  A phantom (D:6)
  2 kobold brigands (D:9)
  Blork the orc (D:6)
  7 bullfrogs
  A gnoll sergeant (D:8)
  9 scorpions
  15 wights
  10 killer bees
  An electric eel (D:6)
  A crimson imp (D:7)
  2 quasits (D:10)
  3 hounds
  2 gnoll boudas
  2 jellies
  An orc priest (D:5)
  A sleepcap (D:5)
  2 iguanas
  6 orc wizards
  17 gnolls
  13 adders
  A white imp (D:8)
  2 ufetubi
  3 worms
  2 dart slugs
  18 orcs
  12 ball pythons
  6 bats
  9 endoplasms
  4 giant cockroaches
  6 goblins
  9 hobgoblins
  7 jackals
  6 quokkas
  3 frilled lizards
  15 kobolds
  6 rats
229 creatures vanquished.

Vanquished Creatures (collateral kills)
  A wyvern (D:9)
1 creature vanquished.

Vanquished Creatures (others)
  A gnoll (D:6)
1 creature vanquished.

Grand Total: 231 creatures vanquished

Notes
Turn   | Place    | Note
-------+----------+-------------------------------------------
     0 | D:1      | Zeor the Demonspawn Gladiator began the quest for the Orb.
     0 | D:1      | Reached XP level 1. HP: 16/16 MP: 1/1
   145 | D:1      | Reached skill level 3 in Long Blades
   145 | D:1      | Gained mutation: You are partially covered in icy blue
                  | scales. (AC +2) [demonic ancestry]
   145 | D:1      | Reached XP level 2. HP: 13/22 MP: 2/2
   415 | D:1      | Found a faded altar of an unknown god.
   639 | D:1      | Reached XP level 3. HP: 25/27 MP: 3/3
  2021 | D:3      | Gained mutation: You are mostly covered in icy blue scales.
                  | (AC +3) [demonic ancestry]
  2021 | D:3      | Reached XP level 4. HP: 34/34 MP: 4/4
  2309 | D:3      | Reached skill level 1 in Armour
  3010 | D:4      | Found a shimmering blue altar of Sif Muna.
  3022 | D:4      | Reached skill level 4 in Long Blades
  3022 | D:4      | Gained mutation: You sometimes gain a little power by
                  | taking damage. [demonic ancestry]
  3022 | D:4      | Reached XP level 5. HP: 38/39 MP: 5/5
  3319 | D:4      | Reached XP level 6. HP: 43/46 MP: 6/6
  3709 | D:5      | Entered Level 5 of the Dungeon
  3758 | D:5      | Noticed Menkaure
  3765 | D:5      | Killed Menkaure
  3766 | D:5      | Reached skill level 5 in Long Blades
  3862 | D:5      | Found a stormy altar of Qazlal.
  3908 | D:5      | Noticed Eustachio
  3926 | D:5      | Reached XP level 7. HP: 52/52 MP: 7/7
  3929 | D:5      | Paralysed by a gnoll for 4 turns
  3945 | D:5      | Killed Eustachio
  4019 | D:5      | Noticed Sigmund
  4024 | D:5      | Killed Sigmund
  4033 | D:5      | Found Xiuzi's Assorted Antiques.
  4049 | D:5      | Reached skill level 6 in Long Blades
  4049 | D:5      | Gained mutation: You have large cloven feet. [demonic
                  | ancestry]
  4049 | D:5      | Reached XP level 8. HP: 58/58 MP: 8/8
  4051 | D:5      | Bought a white potion for 29 gold pieces
  4065 | D:5      | Found a staircase to the Ecumenical Temple.
  4087 | Temple   | Entered the Ecumenical Temple
  4908 | D:5      | Reached skill level 5 in Dodging
  5186 | D:5      | Reached skill level 7 in Long Blades
  5324 | D:6      | Noticed Blork the orc
  5332 | D:6      | Killed Blork the orc
  5341 | D:6      | Noticed Grinder
  5347 | D:6      | Paralysed by Grinder for 2 turns
  5350 | D:6      | Killed Grinder
  5351 | D:6      | Gained mutation: A weak demonic guardian rushes to your
                  | aid. [demonic ancestry]
  5351 | D:6      | Reached XP level 9. HP: 31/65 MP: 9/9
  5747 | D:6      | Reached skill level 5 in Throwing
  5764 | D:6      | HP: 4/97 [steam dragon (6)]
  6646 | D:7      | Reached skill level 8 in Long Blades
  6678 | D:7      | Found a bloodstained altar of Trog.
  7252 | D:7      | Found a shimmering altar of Xom.
  7252 | D:7      | Found a burning altar of Makhleb.
  7258 | D:7      | Became a worshipper of Makhleb the Destroyer
  7925 | D:8      | Reached XP level 10. HP: 46/73 MP: 10/10
  7927 | D:8      | Reached skill level 1 in Evocations
  7939 | D:8      | Reached skill level 5 in Fighting
  8176 | D:8      | Found an ornate altar of the Wu Jian Council.
  8265 | D:8      | Reached skill level 5 in Armour
  8661 | D:8      | Found a staircase to the Lair.
  8994 | D:9      | Reached skill level 9 in Long Blades
  9147 | D:9      | Reached * piety under Makhleb
  9680 | D:9      | Found a broken altar of Ashenzari.
  9954 | D:10     | Entered Level 10 of the Dungeon
  9992 | D:10     | Noticed a sixfirhy
  9992 | D:10     | Noticed Fannar
 10007 | D:10     | HP: 3/76 [sixfirhy (12)]
 10008 | D:10     | Slain by a sixfirhy

Illustrated notes

Levels and vault maps discovered:
D:1:      lightli_arrival_noodles, layout_basic,
          shapermc_ecumenical_altar_starsandcircs, hangedman_decor_riveting,
          minmay_splitting_lines
D:2:      layout_loops_corners
D:3:      layout_loops_cross, minmay_increasing_density
D:4:      layout_gridville, mainiacjoe_overflow_cross_hatched
D:5:      minmay_octagon_keep, layout_basic, nicolae_qazlal_eye_of_the_storm,
          minmay_temple_entry_butterflies, serial_shops, shop, uniq_menkaure,
          uniq_sigmund, uniq_eustachio
D:6:      layout_loops_ring, minivault_4, uniq_blork_the_orc, uniq_grinder
D:7:      layout_cave_pods, bloody_trog,
          grunt_temple_overflow_champion_of_chaos, uniq_crazy_yiuf_cottage
D:8:      layout_basic, mainiacjoe_overflow_small_starburst,
          grunt_lair_entry_orc_guard_hut
D:9:      layout_roguey, overflow_temple_1_default, kennysheep_generic_room_7
D:10:     layout_basic, nicolae_gozag_seed_capital, nicolae_overflow_squiral,
          serial_demonic, serial_demonic_d, serial_demonic_g, serial_demonic_d,
          serial_demonic_f, serial_demonic_c, serial_demonic_d, enter_bailey_5,
          uniq_grum, uniq_snorg, uniq_fannar
Temple:   minmay_temple_bridge_abc

Skill      XL: |  1  2  3  4  5  6  7  8  9 10 |
---------------+-------------------------------+-----
Long Blades    | 3 4 5 6 7 8 9 |  9.4
Dodging        | 3 4 5 6 |  6.5
Throwing       | 2 3 4 6 |  6.5
Armour         | 1 2 3 4 5 |  5.5
Fighting       | 3 4 5 |  5.8
Evocations     | 3 |  3.3
Stealth        | |  0.5

Action                     |  1- 3 |  4- 6 |  7- 9 | 10-12 || total
---------------------------+-------+-------+-------+-------++-------
  Melee: Long sword        |   110 |       |   154 |   217 ||   481
         Falchion          |    29 |   131 |   179 |       ||   339
         Punch             |       |       |     5 |     2 ||     7
  Throw: Boomerang         |       |    14 |    37 |    20 ||    71
         Javelin           |       |       |     1 |       ||     1
         Throwing net      |       |       |     1 |       ||     1
    Use: Scroll            |     5 |     6 |     6 |     3 ||    20
         Potion            |       |     1 |    10 |     3 ||    14
   Stab: Sleeping          |     3 |     4 |       |       ||     7
         Distracted        |       |     1 |     1 |       ||     2
         Held in net/web   |       |       |     1 |       ||     1
 Armour: Leather armour    |    55 |    84 |    69 |       ||   208
         Ring mail         |       |       |    73 |    91 ||   164
         Skin              |       |       |    22 |       ||    22
  Dodge: Dodged            |    94 |   143 |   239 |   163 ||   639
